[Event "Team 45 45 League T79"]
[Site "Internet Chess Club"]
[Date "2019.01.25"]
[Round "5"]
[White "mongmong"]
[Black "Constrictor"]
[Result "1-0"]
[WhiteElo "1487"]
[BlackElo "1546"]
[Opening "Dutch defense"]
[ECO "A81"]
[Time "20:00:39"]
[TimeControl "2700+45"]

1. d4 f5 2. g3 Nf6 3. Bg2 g6 4. Nf3 Bg7 5. O-O O-O 6. b3 d6 7. Bb2 Qe8 8. c4 Na6
9. Qc2 c6 10. Nbd2 Nc7 11. Rae1 Nd7 12. e4 f4 13. Ng5 e5 14. d5 c5 15. Ra1 h6
16. Ngf3 g5 17. h3 Nf6 18. Nh2 Qh5 19. Qd1 Bd7 20. Qxh5 Nxh5 21. g4 Nf6 22. f3
Kh7 23. a3 Kg6 24. b4 b6 25. Bc3 h5 26. a4 hxg4 27. Nxg4 Nxg4 28. hxg4 Kf7 29.
a5 Rfb8 30. bxc5 bxc5 31. Rfb1 Bf8 32. Rxb8 Rxb8 33. Rb1 Rxb1+ 34. Nxb1 Be7 35.
Bf1 Bd8 36. Na3 a6 37. Bd3 Ke7 38. Kf2 Ne8 39. Nb5 axb5 40. cxb5 Bxa5 41. Bxa5
Bc8 42. Ke2 Kd7 43. Kd2 Bb7 44. Bc4 Kc8 45. Bb3 Kb8 46. Ba4 Nf6 47. Bd8 Nxd5 48.
exd5 Bxd5 49. Ke2 e4 50. fxe4 Bxe4 51. Bxg5 d5 52. Bxf4+ Kb7 53. Bd6 c4 54. Bc5
c3 55. Bd4 c2 56. Kd2 {Black resigns} 1-0

[Event "Team 45 45 League T79"]
[Site "Internet Chess Club"]
[Date "2019.01.24"]
[Round "5"]
[White "chessabc"]
[Black "kabindra"]
[Result "0-1"]
[WhiteElo "1735"]
[BlackElo "1529"]
[Opening "Levitsky attack (Queen's bishop attack)"]
[ECO "D00"]
[Time "17:32:51"]
[TimeControl "2700+45"]

1. d4 d5 2. Bg5 h6 3. Bh4 c6 4. Nf3 Bg4 5. Ne5 Bf5 6. e3 Qb6 7. Qc1 Nd7 8. Bg3
Ngf6 9. Nd2 Nh5 10. c4 Nxg3 11. Nxd7 Bxd7 12. c5 Qc7 13. hxg3 e5 14. b4 e4 15.
a4 a6 16. Be2 Be7 17. Qd1 O-O 18. Bg4 Be6 19. Bxe6 fxe6 20. Qg4 Bg5 21. Qxe6+
Kh7 22. Qg4 Rf6 23. Qxg5 Raf8 24. f4 exf3 25. gxf3 Rg6 26. Qe5 Qf7 27. Qh5 Qe7
28. Kf2 Rg5 29. Qh4 Re8 30. e4 Qf6 31. Ke3 Qg6 32. g4 dxe4 33. Nxe4 Rxe4+ 34.
fxe4 Rxg4 35. Qxg4 Qxg4 36. Rhf1 Qe6 37. Rab1 Qa2 38. a5 Qg2 39. Rg1 Qh3+ 40.
Kd2 Qh2+ 41. Kc3 Qf4 42. Rbe1 Qf3+ 43. Kc4 Qf2 44. Kd3 Qf3+ 45. Re3 Qf2 46. Rge1
Qb2 47. e5 Qb3+ 48. Ke2 Qc4+ 49. Kf3 Qd5+ 50. Kf2 Qe6 51. Rf3 Kg8 52. Re4 Qa2+
53. Kg3 Qd5 54. Rg4 Qc4 55. Rgf4 Qxb4 56. e6 Qe1+ 57. Rf2 Qxe6 58. Rf8+ Kh7 59.
R8f7 Qe3+ 60. R2f3 Qxd4 61. Rxb7 Qxc5 62. Rff7 Qe5+ 63. Kf3 c5 64. Rfe7 Qc3+ 65.
Ke2 c4 66. Ra7 Qf6 67. Kd2 Qd4+ 68. Ke2 c3 69. Red7 Qc4+ 70. Kf2 Qg4 71. Rdc7 c2
72. Ke3 Qg5+ 73. Kd3 c1=Q {White resigns} 0-1

[Event "Team 45 45 League T79"]
[Site "Internet Chess Club"]
[Date "2019.01.27"]
[Round "5"]
[White "VictorRed"]
[Black "President"]
[Result "1-0"]
[WhiteElo "1718"]
[BlackElo "1568"]
[Opening "English opening"]
[ECO "A10"]
[Time "09:10:10"]
[TimeControl "2700+45"]

1. c4 b6 2. d4 Bb7 3. Nc3 e6 4. e4 Bb4 5. Bd3 Nf6 6. Qe2 O-O 7. Bd2 Nc6 8. Nf3
d5 9. cxd5 exd5 10. e5 Re8 11. O-O Bxc3 12. bxc3 Nd7 13. Qd1 Nf8 14. Re1 Ne6 15.
Qc2 h6 16. h3 a5 17. Kh2 Ba6 18. Bxa6 Rxa6 19. Qd3 Ra8 20. Rad1 Ne7 21. g4 Ng6
22. Rg1 c5 23. Rg3 cxd4 24. cxd4 Rc8 25. Rdg1 Rc4 26. Be3 Nef4 27. Bxf4 Nxf4 28.
Qd2 Ne6 29. g5 h5 30. g6 f5 31. exf6 Qxf6 32. Rd1 Rec8 33. Qe3 Rc3 34. Rd3 Rc2
35. Rd2 Rxd2 36. Qxd2 Rc4 37. Qb2 Nxd4 38. Nxd4 Qxd4 39. Qe2 Qe4 40. Qxh5 Qh4
41. Qxd5+ Kh8 42. Qa8+ {Black resigns} 1-0

[Event "Team 45 45 League T79"]
[Site "Internet Chess Club"]
[Date "2019.01.25"]
[Round "5"]
[White "RD1974"]
[Black "QuieroAprender"]
[Result "1/2-1/2"]
[WhiteElo "1597"]
[BlackElo "1686"]
[Opening "Bishop's opening: Berlin defense"]
[ECO "C24"]
[Time "19:35:50"]
[TimeControl "2700+45"]

1. e4 e5 2. Bc4 Nf6 3. d3 Nc6 4. Nc3 Bb4 5. Ne2 O-O 6. O-O h6 7. Nd5 Nxd5 8.
Bxd5 Ne7 9. Bb3 Nc6 10. c3 Ba5 11. f4 Bb6+ 12. d4 d6 13. f5 Qf6 14. Be3 Na5 15.
Ng3 Nxb3 16. axb3 exd4 17. cxd4 c5 18. Nh5 Qh4 19. Rf4 Qd8 20. Rg4 g5 21. h4 f6
22. hxg5 fxg5 23. Qd2 Bxf5 24. exf5 Rxf5 25. Ng3 Rf7 26. Ne4 cxd4 27. Bxg5 hxg5
28. Rxg5+ Rg7 29. Qf4 Rxg5 30. Nxg5 Qe8 31. Qf5 d3+ 32. Kh2 Qh5+ 33. Kg3 Bf2+
34. Qxf2 Qxg5+ 35. Kh2 Qh5+ 36. Kg1 Qc5 37. Rd1 Qxf2+ 38. Kxf2 Re8 39. Rxd3 Re6
40. Rc3 Re5 41. Kf3 Rb5 42. Ke4 Kf7 43. Kd4 Ke6 44. Re3+ Kd7 45. g3 Kc6 46. Rc3+
Kd7 47. Kc4 a6 48. b4 Rg5 49. Rd3 Kc6 50. Rc3 d5+ 51. Kb3+ Kd6 52. Ka4 d4 53.
Rd3 Kd5 54. Kb3 Ke4 55. Kc2 Rb5 56. Rb3 a5 57. g4 axb4 58. g5 Rxg5 59. Rxb4 b5
60. Kd2 Rc5 61. Rb3 Rc4 62. Rxb5 d3 63. b4 Rc2+ 64. Kd1 Rb2 65. Rb8 Ke3 66. Re8+
Kd4 67. Rd8+ Kc4 68. Kc1 Rxb4 69. Rc8+ Kd4 70. Rd8+ Ke3 71. Re8+ Re4 72. Rxe4+
Kxe4 73. Kd2 Kd4 74. Kd1 Ke3 75. Ke1 d2+ 76. Kd1 Kf2 77. Kxd2 {Game drawn
because neither player has mating material} 1/2-1/2

[Event "Team 45 45 League T79"]
[Site "Internet Chess Club"]
[Date "2019.01.29"]
[Round "5"]
[White "Andaluz"]
[Black "ChessMaine"]
[Result "0-1"]
[WhiteElo "1230"]
[BlackElo "1466"]
[Opening "French: exchange variation"]
[ECO "C01"]
[Time "05:00:23"]
[TimeControl "2700+45"]

1. e4 e6 2. d4 d5 3. exd5 exd5 4. Nf3 Nf6 5. Bb5+ c6 6. Bd3 Bd6 7. Bg5 O-O 8.
O-O Bg4 9. Nbd2 Nbd7 10. Re1 Qc7 11. c3 Rfe8 12. Rxe8+ Rxe8 13. Nf1 Ne4 14. Bh4
f5 15. h3 Bh5 16. Ng3 Nxg3 17. fxg3 Bxg3 18. Bg5 f4 19. Be2 Bxf3 20. gxf3 h6 21.
Bxh6 gxh6 22. Qc2 Nf8 23. Kf1 Qg7 24. Bd3 Re3 25. Be2 Bh4 26. Qd1 Qg3 {White
resigns} 0-1

[Event "Team 45 45 League T79"]
[Site "Internet Chess Club"]
[Date "2019.01.27"]
[Round "5"]
[White "Ecclesiastic"]
[Black "QuieroAprender"]
[Result "0-1"]
[WhiteElo "1586"]
[BlackElo "1709"]
[Opening "Ruy Lopez: 5.O-O"]
[ECO "C78"]
[Time "21:00:41"]
[TimeControl "2700+45"]

1. e4 e5 2. Nf3 Nc6 3. Bb5 a6 4. Ba4 Nf6 5. O-O b5 6. Bb3 Be7 7. Bd5 Nxd5 8.
exd5 e4 9. dxc6 exf3 10. cxd7+ Qxd7 11. Qxf3 Rb8 12. Re1 O-O 13. d3 Bb7 14. Qg3
Bd6 15. Bf4 Bxf4 16. Qxf4 Qc6 17. f3 Qxc2 18. Qd2 Qc5+ 19. Kh1 Rbd8 20. Nc3 Qd6
21. Rad1 f5 22. Ne2 c5 23. Qc2 Rf6 24. Ng3 g6 25. Rc1 Re6 26. Rxe6 Qxe6 27. Qxc5
Rc8 28. Qg1 Qxa2 29. Rxc8+ Bxc8 30. Qc1 Qe6 31. Kg1 Qb6+ 32. Kf1 Be6 33. Ne2 b4
34. d4 a5 35. Qc5 Qxc5 36. dxc5 a4 37. Nd4 a3 38. bxa3 bxa3 39. Ke2 a2 40. Nc2
f4 41. Kd2 Kf7 42. Kc3 Bf5 43. Na1 Ke6 44. Kd4 Kd7 45. Ke5 Kc6 46. Kd4 Be6 47.
Nc2 Kb5 48. c6 Kxc6 49. Nb4+ Kd6 50. Nxa2 Bxa2 51. Ke4 Ke6 52. Kxf4 Kf6 53. h4
h6 54. g3 Ke6 55. Ke4 Bb1+ 56. Kf4 Kd5 57. g4 Kd4 58. Kg3 Ke3 59. f4 Bd3 60. h5
g5 61. fxg5 hxg5 62. h6 Be4 63. Kh2 Kf4 64. Kh3 Kf3 65. h7 Bxh7 66. Kh2 Kxg4 67.
Kg2 Be4+ 68. Kf2 Kh3 69. Kg1 g4 70. Kf1 Kh2 71. Kf2 g3+ 72. Ke3 Bb7 {White
resigns} 0-1

[Event "Team 45 45 League T79"]
[Site "Internet Chess Club"]
[Date "2019.01.26"]
[Round "5"]
[White "mongmong"]
[Black "zajohns"]
[Result "1-0"]
[WhiteElo "1497"]
[BlackElo "1350"]
[Opening "King's Indian, 3.Nf3"]
[ECO "E61"]
[Time "14:00:29"]
[TimeControl "2700+45"]

1. d4 Nf6 2. Nf3 g6 3. c4 Bg7 4. Nc3 O-O 5. Bg5 d6 6. e3 Nbd7 7. Be2 c6 8. Qc2
c5 9. d5 Ng4 10. h3 Nge5 11. O-O f6 12. Bf4 Nf7 13. Rac1 Nde5 14. b3 a5 15. Nd2
f5 16. Bg3 Qd7 17. f4 Bh6 18. fxe5 Bxe3+ 19. Bf2 Bxf2+ 20. Rxf2 Nxe5 21. Nf3 Nf7
22. Qd2 b6 23. Ng5 Ne5 24. Ne6 Rf6 25. Qh6 Nf7 26. Qg7# {Black checkmated} 1-0

[Event "Team 45 45 League T79"]
[Site "Internet Chess Club"]
[Date "2019.01.28"]
[Round "5"]
[White "PawnToH4"]
[Black "smsxman"]
[Result "1-0"]
[WhiteElo "1314"]
[BlackElo "1361"]
[Opening "Queen's pawn"]
[ECO "A40"]
[Time "12:01:54"]
[TimeControl "2700+45"]

1. d4 e6 2. c4 c5 3. Nf3 cxd4 4. Nxd4 Bc5 5. Nc3 Qf6 6. Be3 Bb6 7. Qd2 Qd8 8.
Ndb5 Bc7 9. Bf4 e5 10. Nd5 Na6 11. Bg3 Ne7 12. Qg5 Ng6 13. Qd2 O-O 14. e4 b6 15.
Be2 Bb7 16. O-O Bxd5 17. cxd5 Nc5 18. d6 Bb8 19. Qd5 a6 20. Qxa8 axb5 21. Qd5
Nf4 22. Bxf4 exf4 23. e5 Qg5 24. Bxb5 Re8 25. Rfe1 Kf8 26. b4 Ne6 27. Bxd7 Rd8
28. Bxe6 fxe6 29. Qxe6 f3 30. g3 Re8 31. Qd5 Qh5 32. Re3 g5 33. Rxf3+ Kg7 34. e6
Bxd6 35. Rf7+ Kg8 36. Qxd6 Qh6 37. Re1 g4 38. Qd7 Rf8 39. Rxf8+ Qxf8 40. e7
{Black resigns} 1-0

[Event "Team 45 45 League T79"]
[Site "Internet Chess Club"]
[Date "2019.01.28"]
[Round "5"]
[White "dabodhi"]
[Black "zadagat"]
[Result "1-0"]
[WhiteElo "1256"]
[BlackElo "1104"]
[Opening "Sicilian defense"]
[ECO "B32"]
[Time "11:32:03"]
[TimeControl "2700+45"]

1. e4 c5 2. Nf3 Nc6 3. d4 cxd4 4. Nxd4 a6 5. a4 d6 6. Nc3 Nf6 7. Bc4 e5 8. Nde2
Be7 9. O-O O-O 10. h3 Bd7 11. Be3 Na5 12. Ba2 b5 13. f3 b4 14. Nd5 Nxd5 15. Bxd5
Rc8 16. b3 Bc6 17. Rc1 Bxd5 18. Qxd5 h6 19. Ng3 Bg5 20. Bxg5 hxg5 21. Nf5 Rc5
22. Qd2 Qb6 23. Kh2 f6 24. Qf2 Nc6 25. Qg3 Qc7 26. h4 Ne7 27. Ne3 f5 28. Qxg5 d5
29. exf5 d4 30. Ng4 Rxf5 31. Nh6+ Kh7 32. Nxf5 e4+ 33. Kh1 Nxf5 34. fxe4 Ne3 35.
Qf4 Nxf1 36. Rxf1 Rxc2 37. Qf5+ g6 38. Qf7+ Qxf7 39. Rxf7+ Kh6 40. Rd7 Rd2 41.
e5 a5 42. e6 Re2 43. e7 d3 44. Rxd3 Rxe7 45. Rd5 Re3 46. Rxa5 Rxb3 47. Rb5 Rb1+
48. Kh2 b3 49. a5 Ra1 50. Kh3 Ra3 51. g3 Kh7 52. Rb7+ Kh6 53. Rb5 Kg7 54. Kg4
Kf6 55. Rb6+ Ke5 56. Rb5+ Ke4 57. Kg5 Kf3 58. Kxg6 Kxg3 59. h5 b2 60. Rxb2 Rxa5
61. Rb3+ Kg4 62. Rb4+ Kf3 63. Rh4 Kg3 64. Rh1 Kg2 65. Rh4 Kg3 66. Rb4 Ra6+ 67.
Kg5 Kf3 68. h6 Ke3 69. Rh4 Ra5+ 70. Kg6 Ra6+ 71. Kg5 Ra5+ 72. Kg4 Ra4+ 73. Kg3
Ra3 74. h7 Kd2+ 75. Kg2 Re3 76. h8=Q Re2+ 77. Kg3 Re3+ 78. Kg4 Re4+ 79. Kh5
Rxh4+ 80. Kxh4 {Black resigns} 1-0

[Event "Team 45 45 League T79"]
[Site "Internet Chess Club"]
[Date "2019.01.28"]
[Round "5"]
[White "LuFran"]
[Black "Kingfisher75"]
[Result "1/2-1/2"]
[WhiteElo "1635"]
[BlackElo "1565"]
[Opening "Sicilian: Nimzovich-Rossolimo attack (without ...d6)"]
[ECO "B30"]
[Time "18:03:45"]
[TimeControl "2700+45"]

1. e4 c5 2. Nf3 Nc6 3. Bb5 Nf6 4. e5 Nd5 5. O-O Nc7 6. Bxc6 dxc6 7. h3 g6 8. Re1
Bg7 9. d3 O-O 10. Nbd2 Ne6 11. Nf1 Qc7 12. Bd2 Nd4 13. Nxd4 cxd4 14. f4 c5 15.
Ng3 Be6 16. a3 Bd5 17. Re2 e6 18. Ne4 Bxe4 19. Rxe4 Rad8 20. Qf1 Qc6 21. Rae1 b5
22. Rc1 c4 23. Qe1 Qc5 24. Bb4 Qb6 25. Bxf8 Bxf8 26. Kf1 b4 27. axb4 Bxb4 28.
Qe2 c3 29. b3 Ba3 30. Ra1 Bb2 31. Ra4 Bc1 32. Qf3 Rd5 33. Rc4 Be3 34. Qg4 Qa6
35. Ra4 Ra5 36. Rxa5 Qxa5 37. Qd1 Qa3 38. g4 a5 39. Ke2 a4 40. bxa4 Qxa4 41. g5
Qa3 42. h4 Kf8 43. h5 gxh5 44. Kf3 Kg7 45. Kg3 Qb2 46. Kh4 Qa2 47. Kxh5 Qb2 48.
Kg4 Kg6 49. Qh1 Kg7 50. f5 Qxc2 51. f6+ Kf8 52. Qh6+ Ke8 53. Rxe3 dxe3 54. Qg7
Qg2+ 55. Kf4 Qf2+ 56. Ke4 Qf5+ 57. Kd4 e2 58. Qg8+ Kd7 59. Qxf7+ Kc6 60. Qe8+
Kc7 61. Qe7+ Kc8 62. Qe8+ Kc7 63. Qe7+ {Game drawn by mutual agreement} 1/2-1/2

[Event "Team 45 45 League T79"]
[Site "Internet Chess Club"]
[Date "2019.01.25"]
[Round "5"]
[White "Kingofknights"]
[Black "drsigmund1"]
[Result "0-1"]
[WhiteElo "1436"]
[BlackElo "1484"]
[Opening "Queen's pawn: Keres defense"]
[ECO "A40"]
[Time "14:01:10"]
[TimeControl "2700+45"]

1. d4 e6 2. c4 b6 3. e4 Bb7 4. Bd3 f5 5. Qe2 Bb4+ 6. Bd2 Bxd2+ 7. Nxd2 Qe7 8.
Ngf3 Nf6 9. e5 Ng4 10. h3 Nh6 11. O-O-O Nc6 12. Qe3 Nf7 13. g4 g6 14. gxf5 gxf5
15. Rhg1 O-O-O 16. Ng5 Nxg5 17. Qxg5 Qxg5 18. Rxg5 Nxd4 19. f4 Nc6 20. Be2 Ne7
21. Bh5 Ng6 22. Bxg6 hxg6 23. Rxg6 Rxh3 24. b3 Bf3 25. Rgg1 Bxd1 {White resigns}
0-1

[Event "Team 45 45 League T79"]
[Site "Internet Chess Club"]
[Date "2019.01.27"]
[Round "5"]
[White "olivermx"]
[Black "wildwood"]
[Result "0-1"]
[WhiteElo "1160"]
[BlackElo "1541"]
[Opening "Sicilian"]
[ECO "B50"]
[Time "13:00:45"]
[TimeControl "2700+45"]

1. e4 c5 2. Nf3 d6 3. Bc4 e6 4. Nc3 Nc6 5. a3 g6 6. d3 Bg7 7. Bd2 Nge7 8. O-O
O-O 9. Qc1 Ne5 10. Nxe5 Bxe5 11. f4 Bg7 12. Ne2 d5 13. Ba2 dxe4 14. dxe4 Bxb2
15. Qxb2 Qxd2 16. Ng3 Qd4+ 17. Qxd4 cxd4 18. Bc4 b6 19. Rad1 Nc6 20. Ne2 e5 21.
Bd5 Ba6 22. Rf2 Rac8 23. fxe5 Bxe2 24. Rxe2 Nxe5 25. Rxd4 Kg7 26. h3 Rc3 27. Bb3
Rfc8 28. Rd5 Nc4 29. Rd7 a5 30. a4 Ne5 31. Rb7 R3c6 32. Re7 Kf6 33. Rb7 R6c7 34.
Rxc7 Rxc7 35. Kf2 Nc6 36. g4 Nd4 37. Rd2 Nxb3 38. cxb3 Ke5 39. Ke3 Rc3+ 40. Rd3
Rxd3+ 41. Kxd3 h5 42. Ke3 hxg4 43. hxg4 g5 44. Kd3 Kf4 45. Kd4 Kxg4 46. Ke5 Kf3
47. Kf5 g4 {White resigns} 0-1

[Event "Team 45 45 League T79"]
[Site "Internet Chess Club"]
[Date "2019.01.27"]
[Round "5"]
[White "kingphisch"]
[Black "oldbookseller"]
[Result "1-0"]
[WhiteElo "1452"]
[BlackElo "1041"]
[Opening "Four knights: Scotch variation"]
[ECO "C44"]
[Time "15:01:00"]
[TimeControl "2700+45"]

1. e4 e5 2. Nf3 Nc6 3. d4 Nf6 4. Nc3 Bd6 5. Bc4 O-O 6. O-O exd4 7. Nxd4 Ng4 8.
Qxg4 g6 9. Nf5 Ne5 10. Nh6+ Kh8 11. Qe2 Qe8 12. Nd5 Nxc4 13. Qxc4 Qe5 14. Qc3 f6
15. Qxe5 Bxe5 16. c3 f5 17. exf5 gxf5 18. Ne7 d6 19. f4 Bf6 20. Nexf5 Be6 21.
Be3 Rae8 22. Rae1 Bd5 23. a3 Bxg2 24. Kxg2 Rg8+ 25. Nxg8 Rxg8+ 26. Kh1 c5 27.
Nxd6 b6 28. Rg1 Bh4 29. Nf7# {Black checkmated} 1-0

[Event "Team 45 45 League T79"]
[Site "Internet Chess Club"]
[Date "2019.01.24"]
[Round "5"]
[White "idjit"]
[Black "joaoazm"]
[Result "0-1"]
[WhiteElo "1593"]
[BlackElo "1636"]
[Opening "Sicilian: closed"]
[ECO "B23"]
[Time "19:09:35"]
[TimeControl "2700+45"]

1. e4 c5 2. Nc3 e6 3. f4 d5 4. Nf3 dxe4 5. Nxe4 Be7 6. Bc4 Nf6 7. d3 Nxe4 8.
dxe4 Qxd1+ 9. Kxd1 b6 10. Bd2 O-O 11. a4 Bb7 12. Re1 Nd7 13. a5 Bf6 14. c3 Bc6
15. Kc2 b5 16. Bf1 e5 17. f5 c4 18. g4 Nc5 19. g5 Bd8 20. Nxe5 Bxe4+ 21. Rxe4
Nxe4 22. Bg2 Nxd2 23. Bxa8 Nb3 24. Rg1 Bc7 {White resigns} 0-1

[Event "Team 45 45 League T79"]
[Site "Internet Chess Club"]
[Date "2019.01.24"]
[Round "5"]
[White "az2112"]
[Black "noblitz-oblige"]
[Result "0-1"]
[WhiteElo "1383"]
[BlackElo "1505"]
[Opening "Giuoco Piano"]
[ECO "C50"]
[Time "21:18:07"]
[TimeControl "2700+45"]

1. e4 e5 2. Nf3 Nc6 3. Bc4 Bc5 4. O-O Nf6 5. d3 h6 6. c3 O-O 7. Be3 Bb6 8. Bb3
d6 9. h3 Re8 10. Nbd2 d5 11. Bxb6 axb6 12. exd5 Nxd5 13. Re1 Nf4 14. d4 exd4 15.
Rxe8+ Qxe8 16. Nxd4 Nxd4 17. cxd4 Ne2+ 18. Kh1 Nxd4 19. Bc4 Be6 20. a3 Rd8 21.
Rc1 Bxc4 22. Rxc4 Nb3 23. Qxb3 Rxd2 24. Rf4 Rxf2 25. Rg4 Qe5 26. Qd3 Qe1+ 27.
Kh2 Rf1 28. Qd8+ Kh7 29. Rxg7+ Kxg7 30. Qd4+ f6 31. Qd7+ Kf8 {White resigns} 0-1

[Event "Team 45 45 League T79"]
[Site "Internet Chess Club"]
[Date "2019.01.24"]
[Round "5"]
[White "OGO"]
[Black "seattleblues"]
[Result "1-0"]
[WhiteElo "1318"]
[BlackElo "1237"]
[Opening "King's Indian: 6.Be2"]
[ECO "E91"]
[Time "21:07:34"]
[TimeControl "2700+45"]

1. d4 Nf6 2. c4 d6 3. Nc3 g6 4. e4 Bg7 5. Be2 O-O 6. Nf3 Re8 7. O-O e5 8. d5 Nh5
9. Be3 f5 10. Rc1 f4 11. Bd2 Nf6 12. b4 Nbd7 13. a3 h6 14. Nh4 Kh7 15. Qc2 Ng8
16. g3 Bf6 17. Nf3 g5 18. g4 Nf8 19. h3 Qd7 20. Nh2 Bg7 21. c5 Nf6 22. cxd6 cxd6
23. Bb5 Qf7 24. Bxe8 Nxe8 25. Nb5 Bd7 26. Qd3 h5 27. f3 Bf6 28. Nc7 Nxc7 29.
Rxc7 Rb8 30. Rfc1 Bd8 31. R7c2 a6 32. Be1 Bb6+ 33. Kh1 hxg4 34. Nxg4 Bb5 35. Qd2
Ng6 36. Qd1 Ba4 37. Qe2 Bxc2 38. Rxc2 Qd7 39. Nf6+ {Black resigns} 1-0

[Event "Team 45 45 League T79"]
[Site "Internet Chess Club"]
[Date "2019.01.26"]
[Round "5"]
[White "Conjurer"]
[Black "Toalla"]
[Result "1-0"]
[WhiteElo "1241"]
[BlackElo "1177"]
[Opening "Modern defense"]
[ECO "A40"]
[Time "13:01:47"]
[TimeControl "2700+45"]

1. d4 g6 2. Bf4 Bg7 3. e3 d6 4. h3 Nd7 5. Nf3 Ngf6 6. Nbd2 O-O 7. Bc4 c5 8. c3
Re8 9. O-O e5 10. dxe5 Nxe5 11. Nxe5 dxe5 12. Bg5 h6 13. Bh4 Qb6 14. Qc2 e4 15.
a4 g5 16. Bg3 a6 17. Rfd1 Bf5 18. a5 Qc6 19. Qb3 Be6 20. Ra4 Nd7 21. Bxe6 Rxe6
22. Nxe4 Rxe4 23. Rxe4 Qxe4 24. Rxd7 Qe6 25. Qxb7 Re8 26. Rd6 Qc8 27. Qxa6 Qxa6
28. Rxa6 Be5 29. Bxe5 Rxe5 30. Rxh6 {Black resigns} 1-0

[Event "Team 45 45 League T79"]
[Site "Internet Chess Club"]
[Date "2019.01.29"]
[Round "5"]
[White "ascoli"]
[Black "clarinetref"]
[Result "1-0"]
[WhiteElo "1644"]
[BlackElo "1454"]
[Opening "Modern defense: Averbakh system"]
[ECO "B06"]
[Time "09:04:45"]
[TimeControl "2700+45"]

1. e4 g6 2. d4 Bg7 3. c4 d6 4. Nc3 Nd7 5. Nf3 e6 6. Be2 Ne7 7. O-O h6 8. Be3 a6
9. Qd2 c5 10. dxc5 dxc5 11. Qd6 Qb6 12. Qxb6 Nxb6 13. Bxc5 Nd7 14. Bxe7 Kxe7 15.
Rac1 b6 16. Rfd1 Bb7 17. Ne1 Rac8 18. f3 Rc7 19. Nc2 Bxc3 20. bxc3 Ne5 21. Ne3
Rhc8 22. Rd4 b5 23. cxb5 axb5 24. Bxb5 Rxc3 25. Rxc3 Rxc3 26. Kf2 Ra3 27. Ra4
Rc3 28. Ke2 Rc5 29. Bc4 Kd6 30. Bb3 Rc6 31. Nc4+ Nxc4 32. Bxc4 Rxc4 33. Rxc4 Ba6
34. Kd3 f5 35. Kc3 Bxc4 36. Kxc4 fxe4 37. fxe4 Ke5 38. a4 Kxe4 39. a5 e5 40. a6
Kf4 41. a7 e4 42. a8=Q e3 43. Qf3+ {Black resigns} 1-0

[Event "Team 45 45 League T79"]
[Site "Internet Chess Club"]
[Date "2019.01.26"]
[Round "5"]
[White "Electryon"]
[Black "RD1974"]
[Result "0-1"]
[WhiteElo "1427"]
[BlackElo "1606"]
[Opening "Queen's pawn: English defense"]
[ECO "A40"]
[Time "10:12:35"]
[TimeControl "2700+45"]

1. d4 b6 2. Bf4 Bb7 3. e3 e6 4. Nf3 Ne7 5. Bd3 Ng6 6. Bg3 Bd6 7. Qe2 Qe7 8. Nbd2
Bxg3 9. hxg3 Nf8 10. c3 h6 11. a4 a5 12. e4 Nh7 13. Bb5 Nf6 14. e5 Nd5 15. O-O-O
Nc6 16. Nf1 Na7 17. Bd3 Bc6 18. Bc2 b5 19. axb5 Nxb5 20. c4 Nbc3 21. cxd5 Nxe2+
{White resigns} 0-1

[Event "Team 45 45 League T79"]
[Site "Internet Chess Club"]
[Date "2019.01.26"]
[Round "5"]
[White "CMAlge"]
[Black "XGG123"]
[Result "1-0"]
[WhiteElo "1303"]
[BlackElo "1403"]
[Opening "Sicilian: Grand Prix attack"]
[ECO "B23"]
[Time "21:01:34"]
[TimeControl "2700+45"]

1. e4 c5 2. Nc3 Nc6 3. f4 g6 4. Nf3 Bg7 5. Bc4 e6 6. d3 Nge7 7. O-O d5 8. Bb3
O-O 9. Qe1 Nd4 10. Nxd4 cxd4 11. Ne2 dxe4 12. dxe4 b6 13. Bd2 Bb7 14. Ng3 Qd7
15. Rd1 Rac8 16. Bc3 Rfd8 17. Rd3 Ba6 18. Rd2 {Black disconnected and forfeits}
1-0

[Event "Team 45 45 League T79"]
[Site "Internet Chess Club"]
[Date "2019.01.26"]
[Round "5"]
[White "sdcohle"]
[Black "seldredg"]
[Result "1-0"]
[WhiteElo "1427"]
[BlackElo "1276"]
[Opening "Dutch"]
[ECO "A80"]
[Time "15:01:23"]
[TimeControl "2700+45"]

1. d4 f5 2. e3 Nf6 3. f4 b6 4. Nf3 Bb7 5. Bd3 g6 6. Nbd2 d6 7. O-O Nbd7 8. Re1
Bg7 9. e4 e6 10. exf5 Qe7 11. Rxe6 Qxe6 12. fxe6 Nf8 13. Qe1 O-O-O 14. e7 Re8
15. exf8=Q Rhxf8 16. Qf2 Ng4 17. Qg3 Bxd4+ 18. Nxd4 Ne3 19. N2f3 Rf6 20. Bxe3
Rxe3 21. Re1 Rxe1+ 22. Nxe1 Bd5 23. Qg5 Rf8 24. Qxd5 Re8 25. Nef3 {Black
resigns} 1-0

[Event "Team 45 45 League T79"]
[Site "Internet Chess Club"]
[Date "2019.01.24"]
[Round "5"]
[White "mongmong"]
[Black "seattleblues"]
[Result "1-0"]
[WhiteElo "1466"]
[BlackElo "1250"]
[Opening "Queen's pawn game"]
[ECO "D05"]
[Time "19:00:54"]
[TimeControl "2700+45"]

1. d4 Nf6 2. Nf3 e6 3. e3 d5 4. Bd3 Nbd7 5. O-O Be7 6. Nbd2 O-O 7. b3 Re8 8. Bb2
Nf8 9. Ne5 a6 10. f4 c5 11. Ndf3 h6 12. Qe2 Bd7 13. Rac1 Rc8 14. Nd2 b5 15. Nxd7
Qxd7 16. c4 cxd4 17. Bxd4 bxc4 18. bxc4 Qd8 19. c5 Rc6 20. Bxa6 Qa8 21. Bb5
{Black resigns} 1-0

[Event "Team 45 45 League T79"]
[Site "Internet Chess Club"]
[Date "2019.01.27"]
[Round "5"]
[White "Toalla"]
[Black "dabodhi"]
[Result "1-0"]
[WhiteElo "1197"]
[BlackElo "1246"]
[Opening "Sicilian: closed"]
[ECO "B23"]
[Time "15:01:21"]
[TimeControl "2700+45"]

1. e4 c5 2. Nc3 g6 3. d4 cxd4 4. Qxd4 Nf6 5. Bb5 a6 6. e5 axb5 7. exf6 exf6 8.
Nd5 Ra6 9. Ne2 Nc6 10. Nxf6+ Ke7 11. Nd5+ Ke8 12. Qxh8 {Black resigns} 1-0

[Event "Team 45 45 League T79"]
[Site "Internet Chess Club"]
[Date "2019.01.27"]
[Round "5"]
[White "Just-Jim"]
[Black "tasawyer81"]
[Result "1-0"]
[WhiteElo "1283"]
[BlackElo "1202"]
[Opening "Dunst (Sleipner,Heinrichsen) opening"]
[ECO "A00"]
[Time "15:01:11"]
[TimeControl "2700+45"]

1. Nc3 e5 2. Nf3 d6 3. h3 Nf6 4. e4 Nbd7 5. Bc4 Be7 6. d3 O-O 7. O-O c6 8. Be3
b5 9. Bb3 a5 10. a3 Bb7 11. Nh2 Nb6 12. Ng4 d5 13. exd5 cxd5 14. Nxb5 d4 15. Bg5
Nxg4 16. Bxe7 Qxe7 17. Qxg4 Kh8 18. a4 f5 19. Qd1 Qg5 20. f3 Rf6 21. Qe2 Raf8
22. Nc7 Bc8 23. Qxe5 Rg6 24. Rf2 Qh4 25. Qh2 f4 26. Nb5 Bxh3 27. Nxd4 Rg3 28.
Re1 Rf6 29. Re8+ {Black resigns} 1-0

[Event "Team 45 45 League T79"]
[Site "Internet Chess Club"]
[Date "2018.10.08"]
[Round "5"]
[White "kingsrook"]
[Black "grekor"]
[Result "1-0"]
[WhiteElo "1139"]
[BlackElo "1132"]
[Opening "QGD: 4.Bg5 Be7"]
[ECO "D53"]
[Time "13:00:54"]
[TimeControl "2700+45"]

1. d4 d5 2. c4 e6 3. Nc3 Nf6 4. Bg5 Be7 5. e3 h6 6. Bh4 O-O 7. Bd3 b6 8. Nf3 Bb7
9. O-O dxc4 10. Bxc4 Nbd7 11. Re1 Ne4 12. Qc2 Nxc3 13. bxc3 Bxh4 14. e4 Qf6 15.
e5 Qe7 16. Rad1 Bxf3 17. Be2 Bb7 18. g3 Qg5 19. f4 Qg6 20. Qxg6 fxg6 21. gxh4
Rxf4 22. h5 Nf8 23. Rf1 Re4 24. Bf3 Re3 25. Bxb7 Rb8 26. Bh1 Rxc3 27. Rf2 gxh5
28. Be4 Nd7 29. Bc2 Rf8 30. Bb3 Rxf2 31. Kxf2 Rh3 32. Bxe6+ Kf8 33. Bxh3 Nb8 34.
Rc1 Ke8 35. Rxc7 Kd8 36. Rc8+ {Black resigns} 1-0